 Dungeon Sprint DCSS version 0.23-a0-650-ga4d50d4 (webtiles) character file.

108624 Leeroy the Barachian Blade (level 16, -9/145 HPs)
             Began as a Barachi Ice Elementalist on Jan 4, 2019.
             Was the Champion of Qazlal.
             Mangled by a ghoul (16 damage)
             ... while paralysed by a vampire knight
             ... in the Dungeon (Sprint V: "Ziggurat Sprint") on Jan 5, 2019.
             The game lasted 00:57:32 (3507 turns).

Leeroy the Barachian Blade (BaIE)                   Turns: 3507, Time: 00:57:33

Health: -9/145     AC: 28    Str: 20    XL:     16   Next: 50%
Magic:  23/36      EV:  2    Int: 24    God:    Qazlal [******]
Gold:   0          SH:  0    Dex: 16    Spells: 8/47 levels left

rFire    + + +     SeeInvis +   H - +7 Screaming Sword {slice, sonic wave}
rCold    + . .     Gourm    .   T - +2 buckler {rC+ rF+}
rNeg     + . .     Faith    .   M - +5 fire dragon scales
rPois    +         Spirit   .   F - +0 helmet {SInv}
rElec    .         Reflect  .   a - +1 cloak of the Crushed Emperors {+Blink rCorr Dex-3 Slay+3}
rCorr    +         Harm     .   N - +0 pair of gloves {Str+3}
MR       +....     NoTele   +   r - +1 pair of boots of the Imp {rPois Str+3}
Stlth    ..........             Q - amulet of Qoguut Cuupp {RegenMP rF+ Str-2 Int+2 Dex+6}
HPRegen  0.34/turn              y - +6 ring of strength
MPRegen  0.50/turn              w - ring "Hoymerghah" {rC+ rN+ Slay+5}

@: paralysed, protected from physical damage, can't hop, repel missiles, slow
A: +LOS, swims, slowness 1, strong legs 2
a: Hop, Upheaval, Elemental Force, Disaster Area, Renounce Religion, Evoke Blink


You were in the Dungeon.
You worshipped Qazlal.
Qazlal was exalted by your worship.
You were not hungry.

You visited 1 branch

Inventory:

Hand Weapons
 c - the +7 captain's cutlass {speed, disarm}
   (You found it in the Dungeon)

   Attacks with this weapon are significantly faster.
 e - the +6 short sword "Ininlid" {antimagic, rC+ rN+++ MR+ Str-3}
   (You took it off a wight in the Dungeon)

   It reduces the magical energy of the wielder, and disrupts the spells and
   magical abilities of those hit.
   Natural abilities and divine invocations are not affected.
   It affects your strength (-3).
   It protects you from cold.
   It renders you almost immune to negative energy.
   It affects your resistance to hostile enchantments.
 H - the +7 Screaming Sword (weapon) {slice, sonic wave}
   (You found it in the Dungeon)

   It inflicts extra damage upon your enemies.
 I - the +11 plutonium sword {*Contam Stlth-}
   (You found it in the Dungeon)

   It causes magical contamination when unequipped.
   It makes you less stealthy.
 J - the +9 sword of Zonguldrok {reap}
   (You found it in the Dungeon)

   If a monster killed with it leaves a corpse in good enough shape, the corpse
   will be animated as a zombie friendly to the killer.
 L - the +2 Maxwell's thermic engine {flame, freeze}
   (You found it in the Dungeon)

   It has been specially enchanted to burn those struck by it, causing extra
   injury to most foes and up to half again as much damage against particularly
   susceptible opponents.
   Big, fiery blades are also staple armaments of hydra-hunters.
 W - the +11 great sword "Nomif" {freeze, Int+2 Stlth+}
   (You found it in the Dungeon)

   It has been specially enchanted to freeze those struck by it, causing extra
   injury to most foes and up to half again as much damage against particularly
   susceptible opponents.
   It can also slow down cold-blooded creatures.
   It affects your intelligence (+2).
   It makes you more stealthy.
 Y - the +8 demon blade "Bloodbane" {slice, *Rage +Rage Stlth-}
   (You took it off a merfolk in the Dungeon)

   It inflicts extra damage upon your enemies.
   It lets you go berserk.
   It may make you go berserk in combat.
   It makes you less stealthy.
Missiles
 D - 15 javelins of penetration (quivered)
Armour
 a - the +1 cloak of the Crushed Emperors (worn) {+Blink rCorr Dex-3 Slay+3}
   (You found it in the Dungeon)

   It affects your dexterity (-3).
   It affects your accuracy and damage with ranged weapons and melee attacks
   (+3).
   It lets you blink.
   It provides partial protection from all sources of acid and corrosion.
 r - the +1 pair of boots of the Imp (worn) {rPois Str+3}
   (You found it in the Dungeon)

   It affects your strength (+3).
   It protects you from poison.
 F - a +0 helmet of see invisible (worn)
 M - +5 fire dragon scales (worn)
 N - a +0 pair of gloves of strength (worn)
 O - the +15 Maxwell's patent armour {-Cast -Tele rElec MR+ rCorr}
   (You found it in the Dungeon)

   It insulates you from electricity.
   It affects your resistance to hostile enchantments.
   It prevents spellcasting.
   It prevents most forms of teleportation.
   It provides partial protection from all sources of acid and corrosion.
 P - the +18 shield of the Gong {rElec rN+ MR+ EV-5}
   (You found it in the Dungeon)

   It affects your evasion (-5).
   It insulates you from electricity.
   It protects you from negative energy.
   It affects your resistance to hostile enchantments.
 T - a +2 buckler of resistance (worn)
Jewellery
 l - an uncursed ring of resist corrosion
 w - the ring "Hoymerghah" (right hand) {rC+ rN+ Slay+5}
   (You found it in the Dungeon)

   [ring of slaying]

   It affects your accuracy and damage with ranged weapons and melee attacks
   (+5).
   It protects you from cold.
   It protects you from negative energy.
 y - a +6 ring of strength (left hand)
 Q - the amulet of Qoguut Cuupp (around neck) {RegenMP rF+ Str-2 Int+2 Dex+6}
   (You found it in the Dungeon)

   [amulet of magic regeneration]

   It increases your magic regeneration.
   It affects your strength (-2).
   It affects your intelligence (+2).
   It affects your dexterity (+6).
   It protects you from fire.
 S - the amulet of Eheav {Harm *Drain rElec Dex+2}
   (You took it off a vault guard in the Dungeon)

   [amulet of harm]

   It increases damage dealt and taken.
   It affects your dexterity (+2).
   It insulates you from electricity.
   It causes draining when unequipped.
 U - the ring "Hucese" {rN+++ MP+9 Str+6 Stlth-}
   (You found it in the Dungeon)

   [ring of magical power]

   It affects your strength (+6).
   It renders you almost immune to negative energy.
   It affects your magic capacity (+9).
   It makes you less stealthy.
 V - the cursed ring "Hywanuth" {Str+2 Dex+4 Slay-3}
   (You found it in the Dungeon)

   [ring of slaying]

   It affects your strength (+2).
   It affects your dexterity (+4).
   It affects your accuracy and damage with ranged weapons and melee attacks
   (-3).
   It has a curse placed upon it.
 Z - the ring "Fianye" {Fire rPois MP+9}
   (You found it in the Dungeon)

   [ring of fire]

   It enhances your fire magic.
   It protects you from fire.
   It makes you vulnerable to cold.
   It protects you from poison.
   It affects your magic capacity (+9).
Wands
 A - a wand of disintegration (7)
 B - a wand of iceblast (6)
 C - a wand of acid (5)
Scrolls
 o - 3 scrolls of amnesia
 p - 6 scrolls of fog
 q - a scroll of holy word
 s - 5 scrolls of remove curse
 t - 2 scrolls of fear
 v - 2 scrolls of brand weapon
Potions
 b - 2 potions of brilliance
 d - 9 potions of curing
 f - 17 potions of haste
 g - 7 potions of magic
 h - 3 potions of berserk rage
 i - 3 potions of heal wounds
 j - a potion of invisibility
 k - 4 potions of resistance
 m - 5 potions of agility
 n - 5 potions of might
 R - a potion of lignification
Miscellaneous
 u - a lamp of fire
 z - 3 phantom mirrors
 E - a crystal ball of energy
 G - a lightning rod (4/4)
 K - a sack of spiders
 X - a fan of gales
Comestibles
 x - 6 rations


   Skills:
 - Level 18.9 Fighting
 - Level 26.8 Long Blades
 * Level 12.5 Armour
 - Level 17.1 Dodging
 - Level 1.7 Stealth
 - Level 16.2 Spellcasting
 - Level 10.0 Conjurations
 - Level 0.7 Hexes
 + Level 0.6 Summonings
 - Level 19.0 Ice Magic
 * Level 9.8 Air Magic
 + Level 23.9 Invocations


You had 8 spell levels left.
You knew the following spells:

 Your Spells              Type           Power        Failure   Level  Hunger
a - Summon Ice Beast      Ice/Summ       ######..     2%          4    None
b - Throw Icicle          Conj/Ice       ######..     1%          4    None
c - Airstrike             Air            ######....   2%          4    None
d - Static Discharge      Conj/Air       ######..     1%          3    None
e - Dazzling Spray        Conj/Hex       #####.       4%          3    None
f - Lightning Bolt        Conj/Air       ######....   6%          5    #......
g - Bolt of Cold          Conj/Ice       ######....   4%          6    ####...
h - Fulminant Prism       Conj/Hex       #####.....   13%         4    None
i - Mephitic Cloud        Conj/Pois/Air  ######..     2%          3    None
j - Vampiric Draining     Necr           ###.......   36%         3    None

Your spell library contained the following spells:

 Spells                   Type           Power        Failure   Level  Hunger
 Freeze                   Ice            ####         0%          1    None
 Flame Tongue             Conj/Fire      #####        1%          1    None
 Shock                    Conj/Air       ####         1%          1    None
 Sting                    Conj/Pois      ####         1%          1    None
 Ensorcelled Hibernation  Hex/Ice        ######       1%          2    None
 Throw Frost              Conj/Ice       ######       1%          2    None
 Ozocubu's Armour         Chrm/Ice       ######..     1%          3    None
 Ozocubu's Refrigeration  Ice            #######...   1%          6    ####...
 Poisonous Vapours        Pois/Air       #####.       2%          2    None
 Swiftness                Chrm/Air       #####...     2%          2    None
 Ice Form                 Ice/Tmut       ######..     2%          4    None
 Conjure Flame            Conj/Fire      #####...     4%          3    None
 Metabolic Englaciation   Hex/Ice        ######....   6%          5    #......
 Freezing Cloud           Conj/Ice/Air   ######....   9%          6    ####...
 Summon Butterflies       Summ           ###.....     10%         1    None
 Animate Skeleton         Necr           N/A          12%         1    None
 Apportation              Tloc           ###...       12%         1    None
 Infusion                 Chrm           ###.         12%         1    None
 Pain                     Necr           ###.         12%         1    None
 Slow                     Hex            ###.....     14%         2    None
 Summon Lightning Spire   Summ/Air       #####...     14%         4    None
 Force Lance              Conj/Tloc      #####...     16%         4    None
 Sticky Flame             Conj/Fire      #####...     16%         4    None
 Corpse Rot               Necr           N/A          19%         2    None
 Shroud of Golubria       Chrm/Tloc      ###.......   19%         2    None
 Song of Slaying          Chrm           ###.....     19%         2    None
 Sublimation of Blood     Necr           ###.......   19%         2    None
 Tukima's Dance           Hex            ###.....     26%         3    None
 Call Canine Familiar     Summ           ###.....     28%         3    None
 Inner Flame              Hex/Fire       ###.....     30%         3    None
 Portal Projectile        Hex/Tloc       ###...       30%         3    None
 Spectral Weapon          Hex/Chrm       ###.....     30%         3    None
 Recall                   Summ/Tloc      N/A          32%         3    None
 Conjure Ball Lightning   Conj/Air       ######....   32%         6    ####...
 Gell's Gravitas          Tloc           ###.......   36%         3    None
 Ignite Poison            Fire/Tmut/Pois ###.....     36%         3    None
 Lesser Beckoning         Tloc           ###.......   36%         3    None
 Regeneration             Chrm/Necr      ###.......   36%         3    None
 Silence                  Hex/Air        #####.....   36%         5    #......
 Simulacrum               Ice/Necr       ######....   36%         6    ####...
 Bolt of Draining         Conj/Necr      #####.....   41%         5    #......
 Irradiate                Conj/Tmut      #####.....   41%         5    #......
 Venom Bolt               Conj/Pois      #####.....   41%         5    #......
 Cause Fear               Hex            ###.......   65%         4    None
 Bolt of Magma            Conj/Fire/Erth #####.....   65%         5    #......
 Leda's Liquefaction      Hex/Erth       ###.......   71%         4    None
 Animate Dead             Necr           N/A          77%         4    None
 Olgreb's Toxic Radiance  Pois           ###.....     77%         4    None
 Petrify                  Tmut/Erth      ###.....     77%         4    None
 Bolt of Fire             Conj/Fire      #####.....   94%         6    ####...
 Deflect Missiles         Chrm/Air       #####.....   94%         6    ####...
 Iron Shot                Conj/Erth      #####.....   94%         6    ####...
 Poison Arrow             Conj/Pois      #####.....   94%         6    ####...
 Aura of Abjuration       Summ           ###.......   95%         5    #......
 Summon Demon             Summ           ###.......   95%         5    #......
 Summon Mana Viper        Hex/Summ       ###.....     95%         5    #......
 Summon Forest            Summ/Tloc      ###.......   96%         5    #......
 Yara's Violent Unravell  Hex/Tmut       ###.......   96%         5    #......
 Agony                    Necr           ###.....     98%         5    #......
 Alistair's Intoxication  Tmut/Pois      ###.....     98%         5    #......
 Dispel Undead            Necr           ###.....     98%         5    #......
 Excruciating Wounds      Chrm/Necr      ###.......   98%         5    #......
 Darkness                 Hex            ###.......   100%        6    ####...
 Dispersal                Tloc           ###.......   100%        6    ####...
 Invisibility             Hex            ###.....     100%        6    ####...
 Shadow Creatures         Summ           N/A          100%        6    ####...
 Statue Form              Tmut/Erth      ###......    100%        6    ####...
 Dragon Form              Tmut           ###.......   100%        7    ######.
 Spellforged Servitor     Conj/Summ      #####.....   100%        7    ######.
 Summon Hydra             Summ           ###.......   100%        7    ######.
 Chain Lightning          Conj/Air       ######....   100%        8    #######
 Controlled Blink         Tloc           N/A          100%        8    #######
 Discord                  Hex            ###.......   100%        8    #######
 Disjunction              Tloc           ###.......   100%        8    #######
 Lehudib's Crystal Spear  Conj/Erth      #####.....   100%        8    #######
 Dragon's Call            Summ           ###.......   100%        9    #######
 Fire Storm               Conj/Fire      #####.....   100%        9    #######
 Glaciate                 Conj/Ice       ######....   100%        9    #######
 Shatter                  Erth           ###.......   100%        9    #######
 Tornado                  Air            ######....   100%        9    #######


Dungeon Overview and Level Annotations

Branches:
Dungeon (1/1)

Altars:
Ashenzari
Cheibriados
Dithmenos
Elyvilon
Fedhas
Gozag
Hepliaklqana
Kikubaaqudgha
Makhleb
Nemelex Xobeh
Okawaru
Qazlal
Ru
Sif Muna
Trog
Uskayaw
Vehumet
Wu Jian
Xom
Yredelemnul
Zin
The Shining One
Beogh
Jiyva
Lugonu


Innate Abilities, Weirdness & Mutations

Shadows flee at your approach. (+LOS)
You can swim through water.
You cover ground slowly.
You can hop long distances.


Message History

The vampire knight completely misses you.
The vampire knight bites you.
* * * LOW HITPOINT WARNING * * *
The vampire knight draws strength from your injuries!
The vampire knight completely misses you.
The vampire knight bites you but does no damage.
The skeletal warrior hits you from afar with a +2 halberd of venom.
* * * LOW HITPOINT WARNING * * *
The ghoul claws you.
* * * LOW HITPOINT WARNING * * *
The ghoul claws you but does no damage.
The vampire knight hits you with a +1 great mace of venom.
* * * LOW HITPOINT WARNING * * *
You feel more protected from physical attacks.
The vampire knight completely misses you.
The ghoul claws you!
* * * LOW HITPOINT WARNING * * *
You feel more protected from physical attacks.
The ghoul claws you!
You die...

▓.......).†[......▓........
▓.................▓........
▓......)..).......▓........
▓...)†............▓........
▓.....)...........▓........
▓....))...........▓........
▓.......)§z°......▓....[...
▓...▓....Vn.○.▓...▓...▓....
▓......|..@§......▓........
▓≈.......§........▓........
▓.......§©○.○.....▓.......©
▓▓▓▓▓▓▓▓▓▓▓▓▓▓▓▓▓▓▓▓▓▓▓▓▓▓▓
▓......8© ▓..[|)..)
▓...)|.[| ▓....).[.
▓.)......


You could see a ghoul, a vampire knight (invisible) and a skeletal warrior.

Vanquished Creatures
  A shard shrike (D)
  Saint Roka (D)
  4 liches (D)
  2 deep elf blademasters (D)
  Polyphemus (D)
  2 deep elf master archers (D)
  Frances (D)
  Donald (D)
  3 deep elf sorcerers (D)
  A vault warden (D)
  Aizul (D)
  3 ghouls (D)
  A deep elf elementalist (D)
  A stone giant (D)
  An ironheart preserver (D)
  6 vampire knights (D)
  3 deep elf annihilators (D)
  A merfolk impaler (D)
  Snorg (D)
  A merfolk javelineer (D)
  2 deep elf high priests (D)
  26 vault guards (D)
  Harold (D)
  4 ice dragons (D)
  A hydra (D)
  3 merfolk aquamancers (D)
  A two-headed ogre (D)
  A dancing weapon (D)
  4 vampire magi (D)
  3 deep elf knights (D)
  A soul eater (D)
  Nergalle (D)
  3 skeletal warriors (D)
  9 necromancers (D)
  2 deep elf archers (D)
  8 deep elf magi (D)
  A harpy (D)
  A manticore (D)
  A cyclops (D)
  A black mamba (D)
  2 vault sentinels (D)
  Psyche (D)
  A merfolk siren (D)
  An eye of devastation (D)
  A water nymph (D)
  3 spiny frogs (D)
  A freezing wraith (D)
  2 ice devils (D)
  6 yaktaurs (D)
  A troll (D)
  6 merfolk (D)
  A blink frog (D)
  2 slime creatures (D)
  4 snapping turtles (D)
  2 hippogriffs (D)
  Sigmund (D)
  3 redbacks (D)
  8 shadows (D)
  2 yaks (D)
  4 vampires (D)
  Eustachio (D)
  2 golden eyes (D)
  2 wraiths (D)
  2 basilisks (D)
  Grum (D)
  5 water moccasins (D)
  2 porcupines (D)
  7 necrophages (D)
  5 ogres (D)
  3 phantoms (D)
  A wolf (D)
  3 crocodiles (D)
  Blork the orc (D)
  8 bullfrogs (D)
  2 earth elementals (D)
  3 scorpions (D)
  15 wights (D)
  A jelly (D)
  Crazy Yiuf (D)
  Jessica (D)
  2 iguanas (D)
  A mummy (D)
  5 white imps (D)
  2 oozes (D)
  6 adder zombies (D)
  3 adder skeletons (D)
  4 bat skeletons (D)
  4 bat zombies (D)
  A jackal (D)
  A ball python skeleton (D)
  A ball python zombie (D)
  6 giant cockroach zombies (D)
  A leopard gecko simulacrum (D)
  3 quokka skeletons (D)
  2 quokka zombies (D)
270 creatures vanquished.

Vanquished Creatures (others)
  A merfolk aquamancer (D)
  2 fulminant prisms (D)
3 creatures vanquished.

Grand Total: 273 creatures vanquished

Notes
Turn   | Place    | Note
-------+----------+-------------------------------------------
     0 | D        | Found the +6 Majin-Bo {vamp, Archmagi MP+6 Int+6}
     0 | D        | Found the +7 great mace "Firestarter" {inner flame, rF++}
     0 | D        | Leeroy the Barachi Ice Elementalist began the quest for the
                  | Orb.
     0 | D        | Reached XP level 1. HP: 13/13 MP: 3/3
     0 | D        | Found a transporter.
     0 | D        | Found an ancient bone altar of Kikubaaqudgha.
     0 | D        | Found a viscous altar of Jiyva.
     0 | D        | Found a corrupted altar of Lugonu.
     0 | D        | Found a hazy altar of Hepliaklqana.
     0 | D        | Found a burning altar of Makhleb.
     0 | D        | Found an opulent altar of Gozag.
    22 | D        | Found the +6 shillelagh "Devastator" {shatter}
    22 | D        | Found the +11 plutonium sword {*Contam Stlth-}
    22 | D        | Found the +8 lance "Wyrmbane" {slay drac, rPois rF+ rC+
                  | AC+3}
    22 | D        | Found the +9 sword of Zonguldrok {reap}
    22 | D        | Found the cursed +13 scythe of Curses {drain, *Curse}
    22 | D        | Found the +0 sword of Power
    22 | D        | Found the +7 mace of Variability {chain chaos}
    22 | D        | Found the +7 Singing Sword {slice, sonic wave}
    22 | D        | Found the +7 longbow "Piercer" {penet, EV-2}
    24 | D        | Found the +9 heavy crossbow "Sniper" {velocity, Acc+∞ SInv}
    24 | D        | Found the +10 dark maul {crush}
    24 | D        | Found the +15 Maxwell's patent armour {-Cast -Tele rElec
                  | MR+ rCorr}
    24 | D        | Found the +18 shield of the Gong {rElec rN+ MR+ EV-5}
    24 | D        | Found the cursed +14 obsidian axe {chop, +Fly SInv *Curse}
    69 | D        | Became a worshipper of Qazlal Stormbringer
    76 | D        | Reached skill level 8 in Long Blades
    76 | D        | Reached XP level 2. HP: 19/19 MP: 5/5
    82 | D        | Entered arena 2.
    82 | D        | Noticed a vault sentinel
    82 | D        | Found a transporter.
    86 | D        | Killed a vault sentinel
    86 | D        | Reached skill level 15 in Long Blades
    86 | D        | Reached skill level 1 in Invocations
    86 | D        | Reached XP level 3. HP: 24/24 MP: 6/6
    86 | D        | Reached XP level 4. HP: 30/30 MP: 7/7
    86 | D        | Reached XP level 5. HP: 35/35 MP: 8/8
    86 | D        | Reached XP level 6. HP: 41/41 MP: 9/9
   102 | D        | Learned a level 4 spell: Throw Icicle
   103 | D        | Entered arena 3.
   103 | D        | Found a transporter.
   107 | D        | Reached * piety under Qazlal
   126 | D        | Learned a level 4 spell: Airstrike
   127 | D        | Got the amulet of Qoguut Cuupp {RegenMP rF+ Str-2 Int+2
                  | Dex+6}
   134 | D        | Entered arena 4.
   134 | D        | Noticed Sigmund
   134 | D        | Noticed Jessica
   134 | D        | Noticed Blork the orc
   134 | D        | Noticed Crazy Yiuf
   134 | D        | Found a transporter.
   135 | D        | Killed Jessica
   135 | D        | Reached ** piety under Qazlal
   140 | D        | Killed Crazy Yiuf
   144 | D        | Killed Blork the orc
   144 | D        | Reached skill level 16 in Long Blades
   144 | D        | Reached XP level 7. HP: 45/46 MP: 10/10
   149 | D        | Killed Sigmund
   149 | D        | Reached skill level 17 in Long Blades
   169 | D        | Entered arena 5.
   169 | D        | Found a transporter.
   174 | D        | Reached *** piety under Qazlal
   189 | D        | Got the +11 great sword "Nomif" {freeze, Int+2 Stlth+}
   193 | D        | Entered arena 6.
   193 | D        | Noticed a merfolk
   193 | D        | Noticed a merfolk
   193 | D        | Noticed a merfolk
   193 | D        | Noticed a merfolk
   193 | D        | Noticed a merfolk
   193 | D        | Found a transporter.
   201 | D        | Killed a merfolk
   201 | D        | Reached XP level 8. HP: 45/52 MP: 7/11
   202 | D        | Killed a merfolk
   202 | D        | Reached **** piety under Qazlal
   202 | D        | Reached skill level 18 in Long Blades
   204 | D        | Killed a merfolk
   207 | D        | Killed a merfolk
   210 | D        | Killed a merfolk
   210 | D        | Reached skill level 10 in Conjurations
   210 | D        | Reached XP level 9. HP: 32/57 MP: 12/12
   226 | D        | Learned a level 3 spell: Static Discharge
   446 | D        | Entered arena 7.
   446 | D        | Found a transporter.
   449 | D        | Reached skill level 19 in Long Blades
   449 | D        | Reached skill level 1 in Air Magic
   452 | D        | Reached ***** piety under Qazlal
   459 | D        | Reached skill level 5 in Air Magic
   471 | D        | Got the +7 rapier of Blind Justice {drain, Int+9}
   481 | D        | Got the ring "Fianye" {Fire rPois MP+9}
   648 | D        | Entered arena 8.
   648 | D        | Found a transporter.
   667 | D        | Reached ****** piety under Qazlal
   701 | D        | Entered arena 9.
   701 | D        | Noticed an eye of devastation
   701 | D        | Found a transporter.
   705 | D        | Reached skill level 5 in Invocations
   711 | D        | Reached skill level 5 in Dodging
   711 | D        | Reached XP level 10. HP: 58/63 MP: 14/14
   715 | D        | Killed an eye of devastation
   744 | D        | Entered arena 10.
   744 | D        | Noticed a cyclops
   744 | D        | Noticed a two-headed ogre
   744 | D        | Found a transporter.
   750 | D        | Killed a two-headed ogre
   750 | D        | Reached skill level 10 in Dodging
   758 | D        | Killed a cyclops
   772 | D        | Got the +1 pair of boots of the Imp {rPois Str+3}
   790 | D        | Got the ring "Hoymerghah" {rC+ rN+ Slay+5}
   795 | D        | Entered arena 11.
   795 | D        | Noticed a vault warden
   795 | D        | Noticed a vault guard
   795 | D        | Noticed a vault guard
   795 | D        | Noticed an ironheart preserver
   795 | D        | Noticed a vault guard
   795 | D        | Noticed a vault sentinel
   795 | D        | Found a transporter.
   796 | D        | Identified the cursed +2 morningstar "Ynooxap" {flame, rN+
                  | Int+4 Dex+4}
   796 | D        | Identified the +1 shortbow of Valuable Assets {venom, +Inv
                  | rC++ Str-3 Stlth+}
   804 | D        | Killed a vault warden
   804 | D        | Reached XP level 11. HP: 67/68 MP: 7/18
   805 | D        | Reached skill level 15 in Dodging
   807 | D        | Killed an ironheart preserver
   808 | D        | Killed a vault guard
   811 | D        | Killed a vault guard
   811 | D        | Reached skill level 10 in Invocations
   813 | D        | Reached skill level 20 in Long Blades
   817 | D        | Killed a vault guard
   888 | D        | Entered arena 12.
   888 | D        | Noticed a vault guard
   888 | D        | Noticed a vault guard
   888 | D        | Noticed a vault guard
   888 | D        | Noticed a lich
   888 | D        | Noticed a vault guard
   888 | D        | Noticed a vault guard
   888 | D        | Noticed a vault guard
   888 | D        | Noticed a vault guard
   889 | D        | Found a transporter.
   892 | D        | Noticed an Executioner
   893 | D        | Killed a vault guard
   897 | D        | Killed a vault guard
   901 | D        | Killed a vault guard
   901 | D        | Reached skill level 21 in Long Blades
   901 | D        | Reached XP level 12. HP: 42/74 MP: 11/21
   901 | D        | Killed a vault guard
   901 | D        | Killed a vault guard
   901 | D        | Killed a vault guard
   904 | D        | Noticed a Hell Sentinel
   904 | D        | Killed a lich
   904 | D        | Reached skill level 22 in Long Blades
   906 | D        | Killed a vault guard
   925 | D        | Got the Reference Book on Flames and Cold
   983 | D        | Learned a level 4 spell: Summon Ice Beast
  1062 | D        | Entered arena 13.
  1062 | D        | Identified the +11 war axe "Qilel" {freeze, *Corrode rF+
                  | rC+ MR+}
  1062 | D        | Noticed a ghoul
  1062 | D        | Noticed a ghoul
  1084 | D        | Found a transporter.
  1086 | D        | Killed a ghoul
  1086 | D        | Reached skill level 5 in Spellcasting
  1086 | D        | Reached skill level 15 in Invocations
  1088 | D        | Killed a ghoul
  1092 | D        | Got the Handbook of the Oath
  1337 | D        | Learned a level 3 spell: Dazzling Spray
  1338 | D        | Entered arena 14.
  1339 | D        | Found the +2 Maxwell's thermic engine {flame, freeze}
  1339 | D        | Noticed a four-headed hydra
  1340 | D        | Found the +7 captain's cutlass {speed, disarm}
  1341 | D        | Killed a four-headed hydra
  1348 | D        | Reached skill level 23 in Long Blades
  1350 | D        | Gained mutation: You can hop long distances. [Barachi
                  | growth]
  1350 | D        | Reached XP level 13. HP: 74/79 MP: 18/24
  1351 | D        | Found a transporter.
  1408 | D        | Learned a level 5 spell: Lightning Bolt
  1408 | D        | Entered arena 15.
  1408 | D        | Noticed Psyche
  1408 | D        | Noticed Aizul
  1408 | D        | Noticed Donald
  1408 | D        | Noticed Nergalle
  1408 | D        | Noticed Polyphemus
  1408 | D        | Noticed Eustachio
  1409 | D        | Noticed Frances
  1409 | D        | Noticed Grum
  1409 | D        | Identified the +5 scimitar "Kamavvol" {slice, *Contam Str+3
                  | Int+7}
  1409 | D        | Noticed Harold
  1410 | D        | Killed Eustachio
  1410 | D        | Noticed Snorg
  1413 | D        | Noticed Saint Roka
  1417 | D        | Killed Grum
  1418 | D        | Killed Aizul
  1421 | D        | Killed Donald
  1422 | D        | Killed Nergalle
  1424 | D        | Killed Psyche
  1431 | D        | Killed Harold
  1438 | D        | Killed Frances
  1440 | D        | Found a transporter.
  1443 | D        | Killed Snorg
  1458 | D        | Killed Saint Roka
  1458 | D        | Reached skill level 24 in Long Blades
  1468 | D        | Killed Polyphemus
  1691 | D        | Entered arena 16.
  1691 | D        | Noticed a vampire knight
  1691 | D        | Identified the +6 short sword "Ininlid" {antimagic, rC+
                  | rN+++ MR+ Str-3}
  1691 | D        | Identified the +6 spear "Ziatevar" {pain, MR+ Dex+3}
  1691 | D        | Noticed a vampire knight
  1691 | D        | Noticed a vampire knight
  1691 | D        | Noticed a ghoul
  1703 | D        | Found a transporter.
  1705 | D        | Reached skill level 1 in Fighting
  1706 | D        | HP: 4/82 [vampire knight/the +6 spear "Ziatevar" {pain, MR+
                  | Dex+3} (3)]
  1712 | D        | Killed a vampire knight
  1712 | D        | Killed a ghoul
  1712 | D        | Reached XP level 14. HP: 6/96 MP: 26/28
  1712 | D        | Killed a vampire knight
  1712 | D        | Reached skill level 5 in Fighting
  1718 | D        | Killed a vampire knight
  1745 | D        | Got Dukita's Disquisition on the Oath
  2204 | D        | Entered arena 17.
  2207 | D        | Identified the ring of Sout {MR- MP+9 Str+3 Dex+4}
  2207 | D        | Identified the cursed +3 trident of Kafij {freeze, rC+}
  2213 | D        | Identified the +4 rapier "Rezal" {vamp, Dex+3}
  2214 | D        | Reached skill level 5 in Ice Magic
  2215 | D        | Reached skill level 10 in Fighting
  2215 | D        | Reached skill level 25 in Long Blades
  2222 | D        | Found the +6 lightning scales {run, rElec}
  2223 | D        | Reached skill level 26 in Long Blades
  2225 | D        | Found a transporter.
  2539 | D        | Entered arena 18.
  2567 | D        | Found a transporter.
  2621 | D        | Got the ring "Hucese" {rN+++ MP+9 Str+6 Stlth-}
  2640 | D        | Entered arena 19.
  2647 | D        | Noticed a lich
  2648 | D        | Identified the amulet of Eheav {Harm *Drain rElec Dex+2}
  2649 | D        | Noticed a stone giant
  2651 | D        | Reached skill level 15 in Fighting
  2651 | D        | Killed a stone giant
  2651 | D        | Reached skill level 10 in Ice Magic
  2651 | D        | Killed a lich
  2651 | D        | Reached XP level 15. HP: 138/138 MP: 29/29
  2655 | D        | Found a transporter.
  2696 | D        | Got the +1 cloak of the Crushed Emperors {+Blink rCorr
                  | Dex-3 Slay+3}
  2777 | D        | Entered arena 20.
  2781 | D        | Identified the cursed +2 flail "Ceidwidd" {speed, rF+ rN+}
  2783 | D        | Reached skill level 10 in Spellcasting
  2783 | D        | Reached skill level 15 in Ice Magic
  2788 | D        | Found a transporter.
  2830 | D        | Learned a level 6 spell: Bolt of Cold
  2835 | D        | Learned a level 4 spell: Fulminant Prism
  2840 | D        | Entered arena 21.
  2843 | D        | Noticed a shard shrike
  2849 | D        | Killed a shard shrike
  2867 | D        | Found a transporter.
  2888 | D        | Got the Compendium of Execration and Summoning
  2891 | D        | Got the cursed ring "Hywanuth" {Str+2 Dex+4 Slay-3}
  2904 | D        | Got Deif's Incunabulum of Lucky Malediction
  3010 | D        | Entered arena 22.
  3012 | D        | Noticed a deep elf blademaster
  3012 | D        | Noticed a deep elf sorcerer
  3013 | D        | Noticed a deep elf master archer
  3014 | D        | Identified the +7 flail "Otipnu" {holy, rN++}
  3015 | D        | Found the +9 staff of Wucad Mu {channel}
  3015 | D        | Noticed a deep elf elementalist
  3015 | D        | Noticed a deep elf sorcerer
  3015 | D        | Noticed a deep elf blademaster
  3016 | D        | Noticed a deep elf master archer
  3023 | D        | Identified the amulet "Vautze" {rElec rPois Regen+ MP-9
                  | Str+9}
  3023 | D        | Noticed a deep elf sorcerer
  3024 | D        | Reached skill level 1 in Armour
  3024 | D        | Killed a deep elf elementalist
  3024 | D        | Reached skill level 5 in Armour
  3024 | D        | Killed a deep elf sorcerer
  3024 | D        | Reached skill level 15 in Spellcasting
  3026 | D        | Killed a deep elf blademaster
  3026 | D        | HP: 2/138 [deep elf master archer/arrow (19)]
  3027 | D        | Found a transporter.
  3028 | D        | Killed a deep elf master archer
  3028 | D        | Reached XP level 16. HP: 2/145 MP: 24/35
  3028 | D        | Killed a deep elf master archer
  3028 | D        | Killed a deep elf blademaster
  3229 | D        | Learned a level 3 spell: Mephitic Cloud
  3233 | D        | Learned a level 3 spell: Vampiric Draining
  3467 | D        | Entered arena 23.
  3479 | D        | Noticed a lich
  3480 | D        | Noticed a lich
  3480 | D        | Identified the amulet of Rachiar {Spirit rElec rPois Int-3
                  | Dex+2}
  3481 | D        | Identified the ring of the Foremost Ships {rCorr rPois
                  | Str+6 Slay+3 Stlth-}
  3481 | D        | Identified the amulet of Aza Vai {+Rage rElec rC- rN+}
  3482 | D        | Identified the +9 fustibalus "Rikkoh" {venom, rF+ Dex+4}
  3483 | D        | Reached skill level 10 in Armour
  3483 | D        | Killed a lich
  3489 | D        | Killed a lich
  3502 | D        | Paralysed by a vampire knight for 6 turns
  3507 | D        | HP: 7/145 [ghoul (11)]
  3507 | D        | Mangled by a ghoul

Vault maps used:
D:        sprint_v

Skill      XL: |  1  2  3  4  5  6  7  8  9 10 11 12 13 14 15 16 |
---------------+-------------------------------------------------+-----
Long Blades    | 8 15 16 17 18 19 21 23 24 26 | 26.8
Invocations    | 1 2 3 6 9 12 15 20 22 23 | 23.9
Conjurations   | 6 10 | 10.0
Air Magic      | 6 9 |  9.8
Dodging        | 5 14 17 | 17.1
Spellcasting   | 7 15 16 | 16.2
Fighting       | 4 18 | 18.9
Ice Magic      | 13 18 19 | 19.0
Armour         | 8 12 | 12.5
Stealth        | |  1.7
Hexes          | |  0.7
Summonings     | |  0.6

Action                   |  1- 3 |  4- 6 |  7- 9 | 10-12 | 13-15 | 16-18 || total
-------------------------+-------+-------+-------+-------+-------+-------++-------
Melee: Demon blade       |       |    18 |     4 |       |       |       ||    22
       Double sword      |       |       |    51 |    64 |    85 |     8 ||   208
       Cutlass           |       |       |       |       |    22 |       ||    22
 Cast: Dazzling Spray    |       |       |       |       |     3 |       ||     3
       Fulminant Prism   |       |       |       |       |     1 |     1 ||     2
       Summon Ice Beast  |       |       |       |       |     1 |       ||     1
       Lightning Bolt    |       |       |       |       |       |     2 ||     2
       Airstrike         |       |       |       |       |       |     1 ||     1
Invok: Upheaval          |       |       |     1 |    12 |     6 |     3 ||    22
       Disaster Area     |       |       |       |     1 |     5 |     2 ||     8
 Abil: Hop               |       |       |       |     2 |     2 |     1 ||     5
Evoke: Lightning rod     |     3 |     3 |    14 |     4 |     5 |     2 ||    31
       Wand              |       |       |       |       |     3 |       ||     3
       Fan of gales      |       |       |       |       |     1 |       ||     1
       Lamp of fire      |       |       |       |       |     1 |       ||     1
  Use: Potion            |     1 |       |       |     6 |    12 |       ||    19
       Scroll            |       |       |     1 |     1 |     5 |       ||     7
 Stab: Invisible         |       |       |       |       |     1 |       ||     1
  Eat: Ration            |       |       |       |     1 |     1 |       ||     2
       Chunk             |       |       |       |       |     2 |       ||     2
Armor: Plate armour      |       |     7 |    20 |    15 |       |       ||    42
       Fire dragon scale |       |       |       |     9 |    46 |    29 ||    84
Dodge: Deflected         |       |       |       |     3 |    10 |     1 ||    14
       Dodged            |       |       |       |    25 |   127 |     7 ||   159
Block: Shield            |     2 |    20 |    97 |    55 |       |       ||   174
       Buckler           |       |       |       |    10 |   114 |     3 ||   127
       Other             |       |       |       |     6 |       |       ||     6
       Rpst.: Double sword |       |       |       |     5 |    19 |       ||    24

Table legend:
 A = Non-vault XP
 B = Vault XP
 C = Vault XP percentage of total XP
 D = Non-vault monster count
 E = Vault monster count
 F = Vault count percentage of total count
                 A         B        C        D         E       F
            +---------+---------+-------+---------+---------+-------
      Total |       0 |  155168 | 100.0 |       0 |     271 | 100.0
            +---------+---------+-------+---------+---------+-------
          D |       0 |  155168 | 100.0 |       0 |     271 | 100.0
            +---------+---------+-------+---------+---------+-------
